 Dungeon Crawl Stone Soup version 0.23-a0-261-g133332c (webtiles) character file.

6711 Felrender the Cleaver (level 10, 0/90 HPs)
             Began as a Minotaur Fighter on Sept 27, 2018.
             Was a High Priest of Okawaru.
             Slain by a cyan ugly thing (16 damage)
             ... on level 10 of the Dungeon on Sept 29, 2018.
             The game lasted 00:19:06 (7890 turns).

Felrender the Cleaver (Minotaur Fighter)            Turns: 7890, Time: 00:19:06

Health: 0/90       AC: 19    Str: 28    XL:     10   Next: 74%
Magic:  9/9        EV:  8    Int:  5    God:    Okawaru [*****.]
Gold:   420        SH:  0    Dex: 11    Spells: 9/9 levels left

rFire    . . .     SeeInvis +   e - +5 battleaxe
rCold    . . .     Gourm    .   (shield currently unavailable)
rNeg     . . .     Faith    .   n - +1 plate armour
rPois    .         Spirit   .   (helmet restricted)
rElec    .         Reflect  .   C - +0 cloak
rCorr    +         Harm     .   (no gloves)
MR       .....                  u - +1 pair of boots
Stlth    ..........             (no amulet)
HPRegen  0.25/turn              r - ring of see invisible
MPRegen  0.11/turn              o - ring of resist corrosion

@: mighty
A: retaliatory headbutt, horns 2
a: Heroism, Finesse, Renounce Religion


You were on level 10 of the Dungeon.
You worshipped Okawaru.
Okawaru was extremely pleased with you.
You were not hungry.

You visited 2 branches of the dungeon, and saw 11 of its levels.

You collected 480 gold pieces.
You spent 60 gold pieces at shops.

Inventory:

Hand Weapons
 a - a +0 war axe
 e - a +5 battleaxe (weapon)
 y - a +3 hand axe
 E - a +3 demon whip of pain
 F - a +4 broad axe of chopping
Missiles
 m - 14 tomahawks (quivered)
Armour
 c - a +0 shield
 n - a +1 plate armour (worn)
 u - a +1 pair of boots (worn)
 C - a +0 cloak (worn)
Jewellery
 o - a ring of resist corrosion (right hand)
 r - a ring of see invisible (left hand)
 w - an uncursed ring of wizardry
 K - an uncursed ring of ice {unknown}
Wands
 v - a wand of paralysis (40)
 x - a wand of clouds (10)
 D - a wand of iceblast (7)
 H - a wand of random effects (26)
 L - a wand of polymorph (12)
Scrolls
 b - 8 scrolls of remove curse
 k - 7 scrolls of teleportation
 l - 3 scrolls of blinking
 J - a scroll of fog
 N - a scroll of magic mapping
Potions
 d - 2 potions of might
 g - a potion of haste {unknown}
 h - 2 potions of lignification
 i - 8 potions of curing
 j - 3 potions of ambrosia {unknown}
 p - 2 potions of brilliance
 q - a potion of berserk rage {unknown}
 s - 3 potions of agility
 t - 2 potions of magic
 z - 3 potions of degeneration {unknown}
 A - 2 potions of resistance {unknown}
 B - a potion of mutation {unknown}
 G - a potion of flight {unknown}
 I - a potion of cancellation {unknown}
Comestibles
 f - 16 rations
 M - 7 chunks of flesh


   Skills:
 + Level 8.4 Fighting
 + Level 13.2(13.3) Axes
 + Level 1.7(9.0) Maces & Flails
 + Level 9.6 Armour
 + Level 2.3 Dodging
 + Level 0.6 Stealth
 + Level 8.2 Shields
 + Level 0.2 Invocations


You had 9 spell levels left.
You didn't know any spells.
Your spell library was empty.

Dungeon Overview and Level Annotations

Branches:
Dungeon (10/15)            Temple (1/1) D:4            Lair (0/6) D:9
    Orc: D:9-12

Altars:
Ashenzari
Cheibriados
Dithmenos
Elyvilon
Fedhas
Gozag
Hepliaklqana
Kikubaaqudgha
Makhleb
Nemelex Xobeh
Okawaru
Qazlal
Ru
Sif Muna
Trog
Uskayaw
Vehumet
Wu Jian
Xom
Yredelemnul
Zin
The Shining One

Shops:
D:6 !


Innate Abilities, Weirdness & Mutations

You reflexively headbutt those who attack you in melee.
You have a pair of horns on your head.


Message History

The cyan ugly thing pecks you! The cyan ugly thing shocks you!
You slice the cyan ugly thing!!
You headbutt the cyan ugly thing, but do no damage.
The cyan ugly thing is moderately wounded.
The cyan ugly thing barely misses you. You furiously retaliate!
You headbutt the cyan ugly thing!
The centaur wields a glowing shortbow.
The centaur shoots an arrow.
The arrow closely misses you.
You see here an arrow.
The centaur shoots an arrow.
The arrow hits you but does no damage.
You see here an arrow.
Unknown command.
The centaur shoots an arrow.
The arrow hits you. The cyan ugly thing pecks you.
The cyan ugly thing shocks you!
* * * LOW HITPOINT WARNING * * *
You feel very mighty all of a sudden. The cyan ugly thing pecks you.
* * * LOW HITPOINT WARNING * * *
The cyan ugly thing shocks you!
You die...

# #.......... # #
#.######### # #.#
#... #.####.#
########......###
.................
########.###..###
#.###..####.#
#.....cu@...#
#####..######
#.(# ######>c#
........#
#####...# #...#
...... .##..#.


You could see a cyan ugly thing and a centaur.

Vanquished Creatures
  Harold (D:8)
  A hydra (D:9)
  Pikel (D:6)
  The ghost of Ya the Chopper, a novice DsMo (D:5)
  Edmund (D:6)
  Menkaure (D:6)
  5 orc warriors
  A slave (D:6)
  4 sky beasts
  2 black bears
  3 ogres
  3 phantoms
  2 centaurs
  A big kobold (D:9)
  A wyvern zombie (D:9)
  5 bullfrogs
  A scorpion (D:9)
  6 killer bees (D:8)
  8 wights
  2 howler monkeys
  2 bullfrog zombies
  5 hounds
  A gnoll shaman (D:5)
  4 jellies
  An orc priest (D:9)
  2 bullfrog skeletons
  A centaur skeleton (D:5)
  Ijyb (D:3)
  Natasha (thrice) (D:4)
  5 iguanas
  6 orc wizards
  10 worker ants
  A hound skeleton (D:7)
  A howler monkey skeleton (D:7)
  10 gnolls
  8 adders
  A shadow imp (D:5)
  4 oozes
  An adder zombie (D:9)
  An adder skeleton (D:5)
  2 worms
  3 dart slugs
  5 leopard geckos
  28 orcs
  7 bats
  5 giant cockroaches
  5 goblins
  6 hobgoblins
  10 jackals
  13 kobolds
  2 quokkas
  A ball python (D:4)
  2 frilled lizards
  A jackal skeleton (D:6)
  A quokka skeleton (D:8)
  8 rats
217 creatures vanquished.

Vanquished Creatures (others)
  2 slaves (D:6)
  An orc wizard (D:6)
  A gnoll (D:6)
  2 orcs (D:6)
6 creatures vanquished.

Grand Total: 223 creatures vanquished

Notes
Turn   | Place    | Note
-------+----------+-------------------------------------------
     0 | D:1      | Felrender the Minotaur Fighter began the quest for the Orb.
     0 | D:1      | Reached XP level 1. HP: 19/19 MP: 0/0
   203 | D:1      | Reached XP level 2. HP: 27/27 MP: 1/1
   601 | D:1      | Reached XP level 3. HP: 32/33 MP: 2/2
   808 | D:2      | Reached skill level 3 in Axes
  1152 | D:2      | Reached XP level 4. HP: 26/40 MP: 3/3
  1337 | D:2      | Found a faded altar of an unknown god.
  1525 | D:2      | Reached skill level 4 in Axes
  1856 | D:3      | Found a shattered altar of Ashenzari.
  1864 | D:3      | Found a blossoming altar of Fedhas.
  1922 | D:3      | Reached XP level 5. HP: 46/46 MP: 4/4
  1933 | D:3      | Noticed Ijyb
  1947 | D:3      | Killed Ijyb
  2104 | D:4      | Found a staircase to the Ecumenical Temple.
  2165 | D:4      | Noticed Natasha
  2178 | D:4      | Killed Natasha
  2178 | D:4      | Reached skill level 5 in Axes
  2191 | Temple   | Entered the Ecumenical Temple
  2226 | Temple   | Became a worshipper of Warmaster Okawaru
  2504 | D:4      | Noticed Natasha
  2519 | D:4      | Killed Natasha
  2519 | D:4      | Reached skill level 1 in Dodging
  2519 | D:4      | Reached XP level 6. HP: 25/52 MP: 5/5
  2756 | D:4      | Noticed Natasha
  2763 | D:4      | Killed Natasha
  2763 | D:4      | Reached skill level 5 in Shields
  2862 | D:4      | Got a pair of encrusted boots
  2875 | D:4      | Identified the cursed -4 pair of boots "Cuti" {rCorr Int+3
                  | Dex-3} (You found it on level 4 of the Dungeon)
  3048 | D:5      | Entered Level 5 of the Dungeon
  3168 | D:5      | Reached * piety under Okawaru
  3168 | D:5      | Reached skill level 6 in Axes
  3168 | D:5      | Reached skill level 5 in Armour
  3238 | D:5      | Reached XP level 7. HP: 47/60 MP: 6/6
  3246 | D:5      | Found a shimmering altar of Xom.
  3467 | D:5      | Reached skill level 5 in Fighting
  3480 | D:5      | Reached skill level 7 in Axes
  3539 | D:5      | Noticed Ya's ghost (novice DsMo)
  3543 | D:5      | Found a runed gate.
  3543 | D:5      | Found a runed gate.
  3543 | D:5      | Found a runed gate.
  3575 | D:5      | Killed Ya's ghost
  3575 | D:5      | Reached ** piety under Okawaru
  3575 | D:5      | Reached XP level 8. HP: 45/69 MP: 4/7
  4016 | D:6      | Noticed Pikel
  4040 | D:6      | Killed Pikel
  4040 | D:6      | Reached *** piety under Okawaru
  4040 | D:6      | Reached skill level 8 in Axes
  4425 | D:6      | Reached skill level 9 in Axes
  4498 | D:6      | Noticed Edmund
  4507 | D:6      | Killed Edmund
  4507 | D:6      | Reached XP level 9. HP: 62/75 MP: 8/8
  4525 | D:6      | Found a snail-covered altar of Cheibriados.
  4551 | D:6      | Found a bloodstained altar of Trog.
  4612 | D:6      | Identified a scroll of acquirement
  4829 | D:6      | Noticed Menkaure
  4835 | D:6      | Killed Menkaure
  4844 | D:6      | Found Zirr's Distillery.
  4847 | D:6      | Bought a potion of heal wounds for 60 gold pieces
  4937 | D:6      | Reached **** piety under Okawaru
  5447 | D:7      | Reached skill level 10 in Axes
  5798 | D:7      | Reached skill level 11 in Axes
  6075 | D:8      | Noticed Harold
  6094 | D:8      | Killed Harold
  6094 | D:8      | Reached ***** piety under Okawaru
  6094 | D:8      | Reached XP level 10. HP: 72/88 MP: 9/9
  6122 | D:8      | Reached skill level 12 in Axes
  6141 | D:8      | Received a gift from Okawaru
  6705 | D:9      | Found a staircase to the Lair.
  7290 | D:9      | Found a radiant altar of Vehumet.
  7293 | D:9      | Found a white marble altar of Elyvilon.
  7296 | D:9      | Found a sacrificial altar of Ru.
  7382 | D:9      | Noticed an eight-headed hydra
  7389 | D:9      | Killed an eight-headed hydra
  7389 | D:9      | Reached skill level 13 in Axes
  7389 | D:9      | Reached skill level 1 in Maces & Flails
  7594 | D:9      | Upgraded the game from 0.23-a0-241-g3b46b07 to
                  | 0.23-a0-261-g133332c
  7671 | D:10     | Entered Level 10 of the Dungeon
  7879 | D:10     | Noticed a cyan ugly thing
  7890 | D:10     | Slain by a cyan ugly thing

Vault maps used:
D:1:      ncdulo_halloftheorcs
D:2:      chequers_ecumenical_altar_simple_redux, minmay_liquid_box
D:3:      minitemple, minmay_misc_feat_rows, corexii_leaking_fountain, uniq_ijyb
D:4:      black_bear_nest_2, temple_fountains, first_ration, uniq_natasha
D:5:      ebering_ghost_rock_garden, basic_altar, kennysheep_generic_room_5
D:6:      lemuel_round_altar, kennysheep_mini_moat, serial_shops,
          nicolae_shop_behind_doors, uniq_pikel, uniq_edmund, uniq_menkaure
D:8:      uniq_harold
D:9:      grunt_temple_overflow_diamond
D:10:     grunt_gozag_statues
Temple:   regret_index_temple_waves

Skill      XL: |  1  2  3  4  5  6  7  8  9 10 |
---------------+-------------------------------+-----
Armour         | 4 5 6 7 8 9 |  9.6
Fighting       | 4 5 6 7 8 |  8.4
Shields        | 4 5 6 7 8 |  8.2
Axes           | 3 4 5 6 7 9 11 13 | 13.2
Dodging        | 1 2 |  2.3
Maces & Flails | 1 |  1.7
Stealth        | |  0.6
Invocations    | |  0.2

Action                   |  1- 3 |  4- 6 |  7- 9 | 10-12 || total
-------------------------+-------+-------+-------+-------++-------
Melee: War axe           |   101 |   150 |   172 |       ||   423
       Headbutt          |    10 |    28 |    53 |    27 ||   118
       Broad axe         |       |       |    72 |       ||    72
       Battleaxe         |       |       |    10 |   149 ||   159
       Demon whip        |       |       |       |     6 ||     6
Invok: Heroism           |       |       |     1 |       ||     1
  Use: Scroll            |     6 |    10 |     5 |     4 ||    25
       Potion            |       |       |     1 |     3 ||     4
  Eat: Chunk             |     1 |     6 |       |     1 ||     8
       Ration            |       |     1 |     2 |     2 ||     5
Armor: Scale mail        |    12 |       |       |       ||    12
       Chain mail        |    54 |    90 |    78 |       ||   222
       Plate armour      |       |       |    60 |   108 ||   168
Dodge: Dodged            |    25 |    28 |    69 |    79 ||   201
Block: Shield            |    60 |    88 |   121 |       ||   269

Table legend:
 A = Non-vault XP
 B = Vault XP
 C = Vault XP percentage of total XP
 D = Non-vault monster count
 E = Vault monster count
 F = Vault count percentage of total count
                 A         B        C        D         E       F
            +---------+---------+-------+---------+---------+-------
      Total |    6887 |    2701 |  28.2 |     205 |      11 |   5.1
            +---------+---------+-------+---------+---------+-------
        D:1 |      44 |       0 |   0.0 |      25 |       0 |   0.0
        D:2 |     101 |       0 |   0.0 |      14 |       0 |   0.0
        D:3 |      54 |      36 |  40.0 |      15 |       1 |   6.2
        D:4 |     168 |     162 |  49.1 |      13 |       2 |  13.3
        D:5 |     810 |     474 |  36.9 |      27 |       4 |  12.9
        D:6 |     771 |    1001 |  56.5 |      19 |       3 |  13.6
        D:7 |     994 |       0 |   0.0 |      23 |       0 |   0.0
        D:8 |    1095 |    1028 |  48.4 |      26 |       1 |   3.7
        D:9 |    2295 |       0 |   0.0 |      34 |       0 |   0.0
       D:10 |     555 |       0 |   0.0 |       9 |       0 |   0.0
            +---------+---------+-------+---------+---------+-------
